 Dungeon Crawl Stone Soup version 0.29-a0-322-g68df515428 (webtiles) character file.

Game seed: 15196116291245321892

1348 siradein the Cudgeller (level 8, -6/81 HPs)
             Began as a Troll Berserker on Apr 7, 2022.
             Was a Priest of Trog.
             Killed from afar by an electric eel (11 damage)
             ... with a bolt of electricity
             ... on level 5 of the Dungeon.
             The game lasted 00:08:55 (3085 turns).

siradein the Cudgeller (Troll Berserker)            Turns: 3085, Time: 00:08:57

Health: -6/81      AC:  4    Str: 26    XL:     8   Next: 36%
Magic:  7/7        EV: 11    Int:  3    God:    Trog [***...]
Gold:   329        SH:  0    Dex: 11    Spells: 7/7 levels left

rFire   . . .      SeeInvis .   s - +0 morningstar
rCold   . . .      Faith    .   (no shield)
rNeg    . . .      Spirit   .   b - +0 animal skin
rPois   +          Reflect  .   (helmet restricted)
rElec   .          Harm     .   (no cloak)
rCorr   .          Rampage  .   (gloves unavailable)
Will    .....      Rage     1%  (boots unavailable)
Stlth   +.........              (no amulet)
HPRegen 1.03/turn               n - ring of poison resistance
MPRegen 0.10/turn               (no ring)

@: on berserk cooldown, slowed, very slow
A: large, unfitting armour, claws 3, regeneration 1, shaggy fur 1, tough skin 1,
berserk 1
a: Renounce Religion, Berserk, Trog's Hand


You were on level 5 of the Dungeon.
You worshipped Trog.
Trog was most pleased with you.
You visited 1 branch of the dungeon, and saw 5 of its levels.

You collected 329 gold pieces.

Inventory:

Hand Weapons
 m - a +0 hunting sling of flaming
 s - a +0 morningstar (weapon)
Armour
 b - a +0 animal skin (worn)
Jewellery
 n - a ring of poison resistance (left claw)
Wands
 k - a wand of acid (9)
Scrolls
 a - 2 scrolls of holy word {unknown}
 d - 2 scrolls of immolation {unknown}
 g - 2 scrolls of enchant armour {unknown}
 h - a scroll of noise {unknown}
 j - a scroll of enchant weapon {unknown}
 l - a scroll of fog {unknown}
 p - 5 scrolls of teleportation {unknown}
Potions
 c - a potion of lignification
 e - a potion of magic
 f - 2 potions of resistance
 i - 5 potions of curing
 o - 2 potions of flight
 r - a potion of haste {unknown}


   Skills:
 + Level 5.5 Fighting
 + Level 6.0 Maces & Flails
 + Level 5.5 Dodging


You had 7 spell levels left.
You didn't know any spells.
Your spell library was empty.

Dungeon Overview and Level Annotations

Branches:
Dungeon (5/15)
 Temple: D:4-7

Altars:
Qazlal
Uskayaw
Xom
Zin

Shops:
D:1 !   D:3 *   D:4 *

Annotations:
D:3 2 transporters, CowFu's ghost, amateur KoHu


Innate Abilities, Weirdness & Mutations

You are too large for most types of armour.
You have claws for hands.
Your natural rate of healing is unusually fast.
You are covered in fur. (AC +1)
You have tough skin. (AC +1)
You tend to lose your temper in combat.


Message History

Trog accepts your kill.
You hear a splash.
A nearby plant withers and dies.
The electric eel shoots out a bolt of lightning at you!
The bolt of electricity hits the plant!
The bolt of electricity hits you.
You enter the shallow water.
Moving in this stuff is going to be slow.
A nearby plant withers and dies. x3
The electric eel shoots out a bolt of lightning at you!
The bolt of electricity misses you.
The electric eel shoots out a bolt of lightning at you!
The bolt of electricity hits you!
You see here an electric eel corpse.
You feel a strong urge to attack something.
The electric eel shoots out a bolt of lightning at you!
The bolt of electricity misses you.
You puncture the electric eel!
The electric eel is almost dead.
You are no longer berserk.
You are exhausted.
You feel yourself slow down.
The electric eel shoots out a bolt of lightning at you!
The bolt of electricity hits you!
* * * LOW HITPOINT WARNING * * *
You closely miss the electric eel.
The electric eel is almost dead.
The electric eel shoots out a bolt of lightning at you!
The bolt of electricity hits you.
* * * LOW HITPOINT WARNING * * *
The electric eel shoots out a bolt of lightning at you!
The bolt of electricity hits you!
* * * LOW HITPOINT WARNING * * *
Okay, then.
You sock the electric eel!
You kill the electric eel!
Trog accepts your kill.
You hear a splash.
The electric eel shoots out a bolt of lightning at you!
The bolt of electricity hits you!
You die...

#...##.########≈## #..#
#..##≈## ....≈##.# #..#
#..##≈# .≈P≈≈S#.# #..#
#..##.# ...?.S#.#
#..##.#+ .P.:≈S#†#
####..##..# .P$≈≈##≈##
....>..##≈##########≈##
#####.#.#≈≈##...≈†≈##≈#
#...##≈#...†@(≈≈#.#
#..#.#.#....≈?.≈#.#
#....#)#'..≈≈.S≈#.#
#.#.##..#..≈)(≈##'##
#.#.###.########...#
#.#...### ##.##
..####..# #####.###.#
## #..# #.........# .#
#..# #.#######.#


You could see an electric eel.

Vanquished Creatures
  Pikel (D:4)
  Grinder (D:5)
  2 water moccasins (D:4)
  A centaur (D:5)
  A necrophage (D:4)
  2 electric eels (D:5)
  3 hounds
  An orc priest (D:5)
  An orc wizard (D:5)
  6 adders
  An ufetubus (D:5)
  A worm (D:2)
  4 dart slugs
  6 orcs (D:5)
  8 ball pythons
  6 bats
  3 endoplasms
  3 giant cockroaches
  14 goblins
  10 hobgoblins
  5 jackals (D:1)
  3 kobolds
  5 quokkas
  5 frilled lizards
  12 rats
105 creatures vanquished.

Vanquished Creatures (others)
  4 plants (D:5)
4 creatures vanquished.

Grand Total: 109 creatures vanquished

Notes
Turn   | Place    | Note
-------+----------+-------------------------------------------
     0 | D:1      | siradein the Troll Berserker began the quest for the Orb.
     0 | D:1      | Reached XP level 1. HP: 22/22 MP: 0/0
    79 | D:1      | Reached XP level 2. HP: 29/29 MP: 1/1
   123 | D:1      | Found Lyrium's Distillery.
   177 | D:1      | Reached skill level 3 in Maces & Flails
   289 | D:1      | Reached ** piety under Trog
   473 | D:1      | Reached XP level 3. HP: 36/36 MP: 2/2
   679 | D:1      | Found a faded altar of an unknown god.
   826 | D:2      | Found a shimmering altar of Xom.
  1396 | D:3      | Reached XP level 4. HP: 35/45 MP: 3/3
  1419 | D:3      | Noticed CowFu's ghost (amateur KoHu)
  1420 | D:3      | Found a transporter.
  1420 | D:3      | Noticed an ogre
  1429 | D:3      | Noticed an ogre
  1429 | D:3      | Noticed an ogre
  1664 | D:3      | Reached *** piety under Trog
  1703 | D:3      | Found Ysauhy's General Store.
  1865 | D:3      | Found a transporter.
  2024 | D:3      | Found a glowing silver altar of Zin.
  2024 | D:3      | Noticed an angel
  2112 | D:4      | Gained mutation: You tend to lose your temper in combat.
                  | [potion of mutation]
  2252 | D:4      | Reached XP level 5. HP: 53/53 MP: 4/4
  2344 | D:4      | Found Taody's Serpentskin Sales.
  2344 | D:4      | Noticed a water moccasin
  2344 | D:4      | Noticed a water moccasin
  2358 | D:4      | Killed a water moccasin
  2359 | D:4      | Reached skill level 4 in Maces & Flails
  2359 | D:4      | Reached XP level 6. HP: 62/62 MP: 5/5
  2366 | D:4      | Killed a water moccasin
  2401 | D:4      | Noticed Pikel
  2411 | D:4      | Killed Pikel
  2412 | D:4      | Reached skill level 5 in Maces & Flails
  2412 | D:4      | Reached XP level 7. HP: 71/71 MP: 6/6
  2518 | D:5      | Entered Level 5 of the Dungeon
  2559 | D:5      | Reached skill level 5 in Fighting
  2559 | D:5      | Reached skill level 5 in Dodging
  2679 | D:5      | Found a stormy altar of Qazlal.
  2679 | D:5      | Found a hide-covered altar of Uskayaw.
  2804 | D:5      | Reached XP level 8. HP: 48/80 MP: 7/7
  2865 | D:5      | Noticed Grinder
  2872 | D:5      | Killed Grinder
  3059 | D:5      | Reached skill level 6 in Maces & Flails
  3084 | D:5      | HP: 4/81 [electric eel/bolt of electricity (14)]
  3085 | D:5      | Killed from afar by an electric eel

Illustrated notes

Levels and vault maps discovered:
D:1:      saegor_arrival_simple_c, layout_loops_ring, serial_shops, shop,
          shapermc_ecumenical_altar_petra
D:2:      layout_rooms, basic_altar, chequers_serial_rivers_micro_b,
          minmay_misc_feat_doors, st_stairs_9, minmay_circle_x
D:3:      layout_loops_cross, zin_angel, serial_shops, nicolae_shop_trees,
          gammafunk_ghost_smash
D:4:      layout_basic, guppyfry_shop_venom, uniq_pikel
D:5:      cheibrodos_two_vegetables, layout_loops_ring,
          gammafunk_temple_overflow_wave, minivault_24, minmay_door_square,
          nicolae_figureground_pulse, uniq_grinder

Skill      XL: |  1  2  3  4  5  6  7  8 |
---------------+-------------------------+-----
Maces & Flails | 3 4 5 6 |  6.0
Dodging        | 3 4 5 |  5.5
Fighting       | 3 4 5 |  5.5

Action                   |  1- 3 |  4- 6 |  7- 9 || total
-------------------------+-------+-------+-------++-------
Melee: Mace              |   153 |    32 |       ||   185
       Punch             |     1 |     2 |       ||     3
       Whip              |       |    65 |    24 ||    89
       Morningstar       |       |       |    59 ||    59
Invok: Berserk           |       |     2 |     2 ||     4
  Use: Scroll            |       |     6 |       ||     6
       Potion            |       |     1 |       ||     1
 Stab: Sleeping          |     2 |     1 |     1 ||     4
Armor: Animal skin       |    84 |    23 |    23 ||   130
Dodge: Dodged            |   118 |    43 |    48 ||   209

Table legend: (Time is in decaauts)
 A = Elapsed time spent in this place.
 B = Non-inter-level travel time spent in this place.
 C = Inter-level travel time spent in this place.
 D = Time resting spent in this place.
 E = Time spent auto-exploring this place.
 F = Levels seen in this place.
 G = Mean time per level.
                   A        B        C        D        E       F      G
               +--------+--------+--------+--------+--------+-----+--------+
         Total |   3176 |   3039 |    137 |     13 |   2208 |   5 |  635.2 |
       Dungeon |   3176 |   3039 |    137 |     13 |   2208 |   5 |  635.2 |
               +--------+--------+--------+--------+--------+-----+--------+

Top non-repeatable levels by time:
     D:3: 830 daAuts
     D:1: 759 daAuts
     D:5: 602 daAuts
     D:2: 529 daAuts
     D:4: 454 daAuts
